 Dungeon Crawl Stone Soup version 0.18.1-48-g4cf74bf (webtiles) character file.

5955 Metae the Protected (level 10, -7/92 HPs)
             Began as a Minotaur Fighter on July 7, 2016.
             Mangled by PeterLawrence's ghost (10 damage)
             ... on level 9 of the Dungeon.
             The game lasted 00:49:36 (10311 turns).

Metae the Protected (Minotaur Fighter)             Turns: 10311, Time: 00:49:37

Health: -7/92      AC: 14    Str: 18 (19) XL:     10   Next: 54%
Magic:  11/11      EV:  8    Int:  1 (4)  God:    Xom [*.....]
Gold:   403        SH:  0    Dex: 13 (14) Spells: 0 memorised, 9 levels left

rFire  . . .     SeeInvis +     C - +0 trident (venom)
rCold  . . .     Gourm    .     K - +0 chain mail
rNeg   . . .     Faith    .     c - +0 shield
rPois  .         Spirit   .     (helmet restricted)
rElec  .         Dismiss  .     (no cloak)
rCorr  .         Reflect  .     (no gloves)
SustAt .         Harm     .     o - +1 pair of boots
MR     .....                    (no amulet)
Stlth  ..........               (no ring)
                                g - ring of see invisible

@: confused, not resistant to hostile enchantments, extremely unstealthy
A: retaliatory headbutt, horns 2, deterioration 1, weak 1, wild magic 2
a: Renounce Religion


You were on level 9 of the Dungeon.
You worshipped Xom.
You were a special plaything of Xom.
You were hungry.

You visited 2 branches of the dungeon, and saw 10 of its levels.

You collected 403 gold pieces.

Inventory:

Hand Weapons
 A - a +2 spear of piercing
 C - a +0 trident of venom (weapon)
 D - a +2 trident of piercing
 I - a +0 hunting sling of flaming
Armour
 c - a +0 shield (worn)
 o - a +1 pair of boots (worn)
 G - a +0 plate armour
 K - a +0 chain mail (worn)
 T - a troll hide
Jewellery
 g - a ring of see invisible (left hand)
Wands
 b - a wand of disintegration (15/24)
 p - a wand of disintegration (2/24)
 y - a wand of flame (13/48)
 B - a wand of lightning (4/15)
 E - a wand of disintegration (16/24)
 J - a wand of lightning (7/15)
Scrolls
 e - 2 scrolls of enchant weapon {unknown}
 h - 2 scrolls of noise {unknown}
 i - 4 scrolls of identify
 j - 3 scrolls of teleportation {unknown}
 l - 2 scrolls of fear {unknown}
 m - 5 scrolls of remove curse
 n - a scroll of blinking {unknown}
 r - a scroll of enchant armour {unknown}
 v - a scroll of magic mapping {unknown}
 x - 2 scrolls of recharging {unknown}
 O - a scroll of random uselessness {unknown}
 Q - a scroll of fog {unknown}
Potions
 d - a potion of might
 q - a potion of cancellation {unknown}
 s - a potion of flight {unknown}
 t - a potion of agility {unknown}
 u - 4 potions of curing {unknown}
 w - a potion of ambrosia
 H - a potion of brilliance {unknown}
 M - 2 potions of lignification {unknown}
 N - a potion of cure mutation {unknown}
 P - a potion of beneficial mutation {unknown}
Books
 R - a book of the Warp

   Spells                             Type                      Level
   a - Recall                         Summoning/Translocation      3
   b - Gell's Gravitas                Hexes/Translocation          3
   c - Force Lance                    Conjuration/Translocation    4
   d - Warp Weapon                    Charms/Translocation         5
   e - Summon Forest                  Summoning/Translocation      5
Miscellaneous
 F - a plain deck of wonders {drawn: 1}
Comestibles
 a - 5 beef jerkies
 f - 5 bread rations
 k - 2 slices of pizza
 z - 3 meat rations
 L - 2 fruits


   Skills:
 * Level 9.7 Fighting
 + Level 6.8 Polearms
 * Level 10.2 Armour
 + Level 5.5 Dodging
 + Level 4.9 Stealth
 + Level 7.5 Shields
 + Level 3.5 Evocations


You had 9 spell levels left.
You didn't know any spells.

Dungeon Overview and Level Annotations

Branches:
Dungeon (9/15)             Temple (1/1) D:5             Orc (0/2) D:9
   Lair: D:8-11

Altars:
Ashenzari
Cheibriados
Dithmenos
Elyvilon
Fedhas
Gozag
Kikubaaqudgha
Makhleb
Nemelex Xobeh
Okawaru
Pakellas
Qazlal
Ru
Sif Muna
Trog
Vehumet
Xom
Yredelemnul
Zin
The Shining One

Shops:
D:7 }

Annotations:
D:7 exclusion: statue
D:9 PeterLawrence's ghost, novice MiFi


Innate Abilities, Weirdness & Mutations

You reflexively headbutt those who attack you in melee.
You have a pair of horns on your head.
Your body sometimes deteriorates upon taking damage.
You are weak. (Str -2)
Your spells are harder to cast, but more powerful.


Message History

You are confused.
You bump into the rock wall.
PeterLawrence's ghost hits you.
* * * LOW HITPOINT WARNING * * *
You bump into the rock wall.
PeterLawrence's ghost hits you.
* * * LOW HITPOINT WARNING * * *
You bump into the rock wall.
PeterLawrence's ghost hits you but does no damage.
You are electrocuted!
* * * LOW HITPOINT WARNING * * *
Your body deteriorates!
You feel weakened.
You bump into the rock wall.
PeterLawrence's ghost barely misses you.
You bump into the rock wall.
PeterLawrence's ghost whispers, "Everlasting silence awaits you..."
PeterLawrence's ghost barely misses you.
You bump into the rock wall.
PeterLawrence's ghost hits you but does no damage.
You are electrocuted!
You die...
Xom howls with laughter!

#..#......#
,#.#
#.........#
#.#.#
###'#..##.#
#.#.#
....#..##.#
#.#.#
#####..##.#
#.#.#
#......##.#
#.#.#
#.........#
#.#.#
'.##......#
#.#.#
#.##......#
#@#.#
#.........#
#W#.#
#####.....#
#.#.#
....#.....#
#.#.#
....#(....#
#.#.#
#####.....#
#.#.# #
#......#
#.#.# #
#......#
#.#.# #
#..###.#
#.#.#


You could see PeterLawrence's ghost.

Vanquished Creatures
  Joseph (D:7)
  Psyche (D:9)
  Prince Ribbit (D:5)
  A troll (D:9)
  3 yaks (D:9)
  Grum (D:8)
  A hungry ghost (D:8)
  The ghost of Galewind the Conjurer, an amateur DECj (D:4)
  A black bear (D:9)
  3 ice beasts
  2 orc warriors
  A sky beast (D:7)
  2 phantoms
  4 wolves (D:8)
  3 ogres
  7 giant frogs
  A gnoll sergeant (D:4)
  A wyvern skeleton (D:9)
  4 scorpions
  A howler monkey (D:5)
  4 crimson imps
  A centaur zombie (D:6)
  A quasit (D:8)
  5 hounds
  4 jellies
  4 orc priests
  A giant frog skeleton (D:5)
  2 gnoll shamans
  Jessica (D:2)
  An iguana (D:9)
  7 orc wizards
  9 worker ants
  A hound zombie (D:7)
  2 hound skeletons
  A worker ant zombie (D:5)
  35 gnolls (D:4)
  A howler monkey skeleton (D:5)
  24 adders
  3 shadow imps
  2 oozes
  2 adder skeletons
  2 worms (D:2)
  A dart slug (D:4)
  5 giant geckos
  31 orcs
  10 giant cockroaches
  7 hobgoblins
  32 jackals
  5 quokkas
  4 ball pythons (D:3)
  6 bats
  5 giant newts
  7 goblins
  8 kobolds
  A quokka skeleton (D:4)
  7 rats
282 creatures vanquished.

Vanquished Creatures (collateral kills)
  A phantom (D:8)
  A crimson imp (D:8)
2 creatures vanquished.

Vanquished Creatures (others)
  2 yaks (D:9)
2 creatures vanquished.

Grand Total: 286 creatures vanquished

Notes
Turn   | Place    | Note
--------------------------------------------------------------
     0 | D:1      | Metae the Minotaur Fighter began the quest for the Orb.
     0 | D:1      | Reached XP level 1. HP: 19/19 MP: 0/0
   144 | D:1      | Reached XP level 2. HP: 26/27 MP: 1/1
   540 | D:1      | Reached skill level 4 in Armour
   674 | D:1      | Reached XP level 3. HP: 33/33 MP: 2/2
   946 | D:2      | Noticed Jessica
   952 | D:2      | Killed Jessica
   952 | D:2      | Reached skill level 1 in Dodging
   952 | D:2      | Reached XP level 4. HP: 32/40 MP: 3/3
  1140 | D:2      | Reached skill level 1 in Stealth
  1750 | D:3      | Reached XP level 5. HP: 47/47 MP: 4/4
  1839 | D:3      | Reached skill level 5 in Armour
  2377 | D:4      | Reached XP level 6. HP: 54/55 MP: 5/5
  2386 | D:4      | Reached skill level 5 in Fighting
  3614 | D:4      | Found a shattered altar of Ashenzari.
  3620 | D:4      | Noticed Galewind's ghost (amateur DECj)
  3626 | D:4      | Killed Galewind's ghost
  3626 | D:4      | Reached XP level 7. HP: 59/61 MP: 6/6
  3694 | D:4      | Reached skill level 6 in Armour
  3879 | D:4      | Found an oddly glowing altar of Pakellas.
  3968 | D:4      | Reached skill level 5 in Shields
  4317 | D:4      | Reached skill level 5 in Polearms
  4317 | D:4      | Reached XP level 8. HP: 41/71 MP: 7/7
  5241 | D:5      | Entered Level 5 of the Dungeon
  5268 | D:5      | Found a white marble altar of Elyvilon.
  5321 | D:5      | Found a sparkling altar of Nemelex Xobeh.
  5349 | D:5      | Reached skill level 7 in Armour
  5405 | D:5      | Found a sacrificial altar of Ru.
  5594 | D:5      | Noticed Prince Ribbit
  5603 | D:5      | Killed Prince Ribbit
  5603 | D:5      | Reached skill level 1 in Evocations
  5731 | D:5      | Found an iron altar of Okawaru.
  5794 | D:5      | Found a staircase to the Ecumenical Temple.
  5996 | Temple   | Entered the Ecumenical Temple
  6286 | Temple   | Became a worshipper of Xom of Chaos
  6350 | D:6      | XOM: potion effect (invisibility)
  6352 | D:6      | XOM: potion effect (agility)
  6366 | D:6      | Reached XP level 9. HP: 74/80 MP: 9/9
  6482 | D:6      | Reached skill level 8 in Armour
  6572 | D:6      | XOM: silly message
  6892 | D:6      | XOM: mild Ice miscast
  6992 | D:6      | Found a basalt altar of Yredelemnul.
  7062 | D:6      | Found a deep blue altar of Sif Muna.
  7284 | D:7      | Found Ohyel's Gadget Emporium.
  7329 | D:7      | Found a radiant altar of Vehumet.
  7365 | D:7      | Gained mutation: Your spells are a little harder to cast, but a little more powerful. [mutagenic meat]
  7366 | D:7      | Gained mutation: Your spells are harder to cast, but more powerful. [mutagenic meat]
  7367 | D:7      | Gained mutation: You are weak. (Str -2) [mutagenic meat]
  7368 | D:7      | Gained mutation: You are clumsy. (Dex -2) [mutagenic meat]
  7369 | D:7      | Lost mutation: You are clumsy. (Dex -2) [mutagenic meat]
  7371 | D:7      | XOM: vitrification
  7377 | D:7      | Gained mutation: Your body sometimes deteriorates upon taking damage. [mutagenic meat]
  7446 | D:7      | Noticed Joseph
  7462 | D:7      | Killed Joseph
  7530 | D:7      | XOM: colour smoke trail
  8006 | D:8      | Reached skill level 9 in Armour
  8020 | D:8      | Found a white marble altar of Elyvilon.
  8020 | D:8      | Found a stormy altar of Qazlal.
  8111 | D:8      | XOM: polymorph worker ant -> scorpion
  8139 | D:8      | XOM: polymorph orc wizard -> jelly
  8171 | D:8      | XOM: silly message
  8189 | D:8      | XOM: harmless Divn miscast
  8486 | D:8      | Reached skill level 5 in Dodging
  8549 | D:8      | XOM: 3-stop teleportation journey
  8692 | D:8      | XOM: cast spell 'Summon Mana Viper'
  8765 | D:8      | XOM: confuse monster(s)
  8789 | D:8      | Reached XP level 10. HP: 76/91 MP: 11/11
  8799 | D:8      | XOM: potion effect (curing)
  8802 | D:8      | Noticed Grum
  8807 | D:8      | XOM: noise
  8821 | D:8      | Killed Grum
  9071 | D:9      | Noticed Psyche
  9081 | D:9      | Killed Psyche
  9086 | D:9      | Found a staircase to the Orcish Mines.
  9218 | D:9      | XOM: 2-stop teleportation journey
  9343 | D:9      | XOM: enchant monster (bad)
  9344 | D:9      | XOM: severe Pois miscast
  9351 | D:9      | XOM: summons 5 hostile demons
  9363 | D:9      | Reached skill level 10 in Armour
  9368 | D:9      | XOM: enchant monster (bad)
  9466 | D:9      | XOM: medium Necr miscast
  9802 | D:9      | XOM: 4-stop teleportation journey
  9839 | D:9      | XOM: 1-stop teleportation journey
  9886 | D:9      | Noticed PeterLawrence's ghost (novice MiFi)
  9926 | D:9      | XOM: confusion (+ monsters)
 10169 | D:9      | XOM: potion effect (brilliance)
 10186 | D:9      | XOM: harmless Fire miscast
 10214 | D:9      | Drew Focus: Str increased to 21, Int decreased to 4
 10223 | D:9      | XOM: potion effect (heal wounds)
 10236 | D:9      | XOM: divination: magic mapping
 10269 | D:9      | XOM: summons 2 friendly demons
 10287 | D:9      | XOM: silly message
 10303 | D:9      | XOM: harmless Erth miscast
 10305 | D:9      | XOM: confusion
 10308 | D:9      | HP: 2/92 [PeterLawrence's ghost (19)]
 10311 | D:9      | Mangled by PeterLawrence's ghost

Skill      XL: |  1  2  3  4  5  6  7  8  9 10 |
---------------+-------------------------------+-----
Armour         | 4 5 6 7 9 10 | 10.2
Polearms       | 3 4 5 6 |  6.8
Fighting       | 4 5 6 7 9 |  9.7
Dodging        | 1 2 3 4 5 |  5.5
Stealth        | 1 2 3 4 |  4.9
Shields        | 4 5 6 7 |  7.5
Evocations     | 1 2 3 |  3.5

Action                   |  1- 3 |  4- 6 |  7- 9 | 10-12 || total
-------------------------+-------+-------+-------+-------++-------
Melee: Trident           |    84 |   274 |   525 |   167 ||  1050
       Headbutt          |    11 |    31 |    87 |    33 ||   162
Evoke: Wand              |       |       |     5 |     7 ||    12
       Deck              |       |       |       |     1 ||     1
  Use: Scroll            |       |     4 |     1 |     1 ||     6
       Potion            |       |     1 |     2 |     1 ||     4
 Stab: Invisible         |       |       |     5 |       ||     5
       Paralysed         |       |       |     1 |       ||     1
  Eat: Chunk             |       |     7 |    12 |     4 ||    23
       Bread ration      |       |     1 |     1 |       ||     2
       Beef jerky        |       |       |     2 |       ||     2
       Meat ration       |       |       |     1 |       ||     1
Armor: Scale mail        |    22 |   104 |    71 |       ||   197
       Chain mail        |       |       |    76 |    52 ||   128
       Plate armour      |       |       |    11 |       ||    11
Dodge: Dodged            |    14 |    87 |   147 |    50 ||   298
Block: Shield            |    30 |   119 |   245 |    68 ||   462
